 Dungeon Crawl Stone Soup version 0.30-a0-424-g7412bad402 (webtiles) character file.

Game seed: 18246995942338193915

427 Gennas the Vexing (level 6, -1/28 HPs)
             Began as a Spriggan Enchanter on Dec 9, 2022.
             Slain by a goblin
             ... wielding a +0 club
              (4 damage)
             ... on level 4 of the Dungeon.
             The game lasted 00:07:30 (3159 turns).

Gennas the Vexing (Spriggan Enchanter)              Turns: 3159, Time: 00:07:31

Health: -1/28      AC:  3    Str:  4    XL:     6   Next: 65%
Magic:  10/16      EV: 17    Int: 17    God:
Gold:   204        SH:  0    Dex: 17    Spells: 6/17 levels left

rFire   . . .      SeeInvis +    a - +1 dagger (freeze)
rCold   . . .      Faith    .    (no shield)
rNeg    . . .      Spirit   .    b - +0 robe
rPois   .          Reflect  .    j - +1 hat
rElec   .          Harm     .    (no cloak)
rCorr   .          Rampage  .    (gloves unavailable)
Will    +....                    (boots unavailable)
Stlth   +++.......               (no amulet)
HPRegen 0.24/turn                (no ring)
MPRegen 0.15/turn                (no ring)

@: very quick
A: very small, no large weapons, unfitting armour, see invisible, speed 3
a: no special abilities


You were on level 4 of the Dungeon.
You visited 1 branch of the dungeon, and saw 4 of its levels.

You collected 204 gold pieces.

Inventory:

Hand Weapons
 a - a +1 dagger of freezing (weapon)
Armour
 b - a +0 robe (worn)
 j - a +1 hat (worn)
Scrolls
 i - a scroll of amnesia
Potions
 c - a potion of invisibility
 d - 2 potions of curing
 e - a potion of resistance {unknown}
 f - 2 potions of degeneration {unknown}
 g - a potion of haste
 h - 3 potions of berserk rage
 l - 2 potions of lignification
 m - a potion of brilliance {unknown}


   Skills:
 - Level 1.1 Short Blades
 - Level 2.6 Dodging
 - Level 4.4 Stealth
 + Level 6.4 Spellcasting
 + Level 6.9 Hexes


You had 6 spell levels left.
You knew the following spells:

 Your Spells              Type           Power      Damage    Failure   Level
a - Ensorcelled Hibernat  Hex/Ice        34%        N/A       4%          2
b - Tukima's Dance        Hex            29%        N/A       2%          3
c - Dazzling Flash        Conj/Hex       34%        N/A       9%          3
d - Confusing Touch       Hex            29%        N/A       2%          3

Your spell library contained the following spells:

 Spells                   Type           Power      Damage    Failure   Level
 Inner Flame              Hex/Fire       17%        N/A       9%          3
 Necrotise                Necr           20%        1d5       12%         1
 Vampiric Draining        Necr           5%         2d6       36%         3
 Flame Wave               Conj/Fire      5%         2d5       77%         4
 Sticky Flame             Conj/Fire      5%         2d3       77%         4
 Agony                    Necr           5%         N/A       98%         5


Dungeon Overview and Level Annotations

Branches:
Dungeon (4/15)
 Temple: D:4-7

Altars:


Innate Abilities, Weirdness & Mutations

You are very small and have problems with some larger weapons.
You are too small for most types of armour.
You have supernaturally acute eyesight. (SInv)
You cover ground extremely quickly. (Speed+++)


Message History

Beogh smites you! The ball python barely misses you.
The ball python constricts you.
A quokka comes into view.
You are too injured to fight recklessly!
You are too injured to fight recklessly!
Unknown command.
Unknown command.
You hit the ball python.
The ball python seems to slow down.
You freeze the ball python.
You kill the ball python!
The orc closely misses you. The goblin hits you with a +0 club.
Unknown command.
Casting: Ensorcelled Hibernation (safe; 4% risk of failure)
Confirm with . or Enter, or press ? or * to list all spells.
Aiming: Ensorcelled Hibernation (safe; 4% risk of failure)
Press: ? - help, Shift-Dir - straight line, f - orc priest
Aim: an orc priest, wielding a +0 hand axe and wearing a +0 leather armour (chance to affect: 50%)
The orc priest resists with some effort.
The orc hits you with a +0 flail.
* * * LOW HITPOINT WARNING * * *
The orc priest barely misses you. The goblin barely misses you.
Casting: Ensorcelled Hibernation (safe; 4% risk of failure)
Confirm with . or Enter, or press ? or * to list all spells.
Aiming: Ensorcelled Hibernation (safe; 4% risk of failure)
Press: ? - help, Shift-Dir - straight line, f/p - orc priest
Aim: an orc priest, wielding a +0 hand axe and wearing a +0 leather armour (chance to affect: 50%)
The orc priest resists with some effort.
The orc hits you but does no damage.
The orc priest hits you with a +0 hand axe.
* * * LOW HITPOINT WARNING * * *
The goblin misses you.
Casting: Ensorcelled Hibernation (safe; 4% risk of failure)
Confirm with . or Enter, or press ? or * to list all spells.
Aiming: Ensorcelled Hibernation (safe; 4% risk of failure)
Press: ? - help, Shift-Dir - straight line, f/p - orc priest
Aim: an orc priest, wielding a +0 hand axe and wearing a +0 leather armour (chance to affect: 50%)
The orc priest resists with some effort.
The orc barely misses you. The orc priest misses you.
The goblin hits you with a +0 club.
You die...

.. .. #..........#
#..........#
#..........' #. .#
#..........# #...#
#........... ##...##
#........... #8...8#
#..ogoo..... ##...####
###...@oor....
##...##8###8##.########.
...............#
............).##
.........)....#
##...##8###8###
##...#### ### #8...8#
##.).##


You could see an orc priest, 4 orcs, a quokka and a goblin.

Vanquished Creatures
  Duvessa (D:4)
  A black bear (D:4)
  A scorpion (D:4)
  Dowan (D:4)
  3 adders (D:3)
  2 worms (D:2)
  3 dart slugs
  5 bats
  7 endoplasms
  4 giant cockroaches
  15 goblins
  12 hobgoblins
  2 jackals (D:1)
  2 quokkas
  6 ball pythons
  A frilled lizard (D:3)
  6 kobolds
  8 rats
80 creatures vanquished.

Notes
Turn   | Place    | Note
-------+----------+-------------------------------------------
     0 | D:1      | Gennas the Spriggan Enchanter began the quest for the Orb.
     0 | D:1      | Reached XP level 1. HP: 9/9 MP: 5/5
   145 | D:1      | Reached XP level 2. HP: 13/13 MP: 7/7
   148 | D:1      | Learned a level 2 spell: Ensorcelled Hibernation
   397 | D:2      | Found a faded altar of an unknown god.
   398 | D:2      | Found a faded altar of an unknown god.
   582 | D:2      | Reached XP level 3. HP: 16/16 MP: 9/9
   676 | D:2      | Learned a level 3 spell: Tukima's Dance
   680 | D:2      | Learned a level 3 spell: Confusing Touch
   738 | D:2      | Identified the +0 ring mail of Henotheism {Int+4 Dex-4
                  | Stlth+}
  1746 | D:2      | Reached XP level 4. HP: 21/21 MP: 8/11
  2037 | D:3      | Reached skill level 5 in Hexes
  2518 | D:3      | Learned a level 3 spell: Dazzling Flash
  2874 | D:4      | Noticed Duvessa
  2874 | D:4      | Noticed Dowan
  2875 | D:4      | Noticed a black bear
  2876 | D:4      | Noticed a scorpion
  2903 | D:4      | Killed a black bear
  2904 | D:4      | Reached skill level 5 in Spellcasting
  2904 | D:4      | Reached XP level 5. HP: 17/24 MP: 4/13
  2912 | D:4      | Reached XP level 6. HP: 26/28 MP: 5/15
  2919 | D:4      | Killed Duvessa
  2927 | D:4      | Killed Dowan
  3149 | D:4      | Identified the +5 falchion of the Sun {vorpal, +Blink rN++
                  | MP+9 Str-4}
  3159 | D:4      | Slain by a goblin

Illustrated notes

Levels and vault maps discovered:
D:1:      minmay_arrival_wavy_path, layout_basic, minmay_cut_off
D:2:      cheibrodos_greedy_goblins, layout_loops_ring,
          hellmonk_ecumenical_altar_the_god_not_taken
D:3:      layout_loops_ring
D:4:      layout_basic, mainiacjoe_overflow_alcove_3, serial_corexii_hall,
          corexii_hall_statues_l, corexii_hall_statues_x, grunt_ministairs_10,
          uniq_duvessa

Skill      XL: |  1  2  3  4  5  6 |
---------------+-------------------+-----
Spellcasting   | 3 4 5 6 |  6.4
Hexes          | 4 6 |  6.9
Short Blades   | |  1.1
Dodging        | |  2.6
Stealth        | |  4.4

Action                   |  1- 3 |  4- 6 || total
-------------------------+-------+-------++-------
Melee: Dagger            |   145 |    85 ||   230
       Punch             |     2 |     2 ||     4
 Cast: Ensorcelled Hiber |    13 |    13 ||    26
  Use: Scroll            |     2 |     8 ||    10
       Potion            |       |     3 ||     3
 Stab: Sleeping          |    17 |     8 ||    25
       Invisible         |       |     4 ||     4
Armor: Robe              |    15 |     4 ||    19
Dodge: Dodged            |    86 |    72 ||   158

Table legend: (Time is in decaauts)
 A = Elapsed time spent in this place.
 B = Non-inter-level travel time spent in this place.
 C = Inter-level travel time spent in this place.
 D = Time resting spent in this place.
 E = Time spent auto-exploring this place.
 F = Levels seen in this place.
 G = Mean time per level.
                   A        B        C        D        E       F      G
               +--------+--------+--------+--------+--------+-----+--------+
         Total |   2249 |   2188 |     61 |    220 |   1409 |   4 |  562.2 |
       Dungeon |   2249 |   2188 |     61 |    220 |   1409 |   4 |  562.2 |
               +--------+--------+--------+--------+--------+-----+--------+

Top non-repeatable levels by time:
     D:2: 827 daAuts
     D:3: 560 daAuts
     D:1: 524 daAuts
     D:4: 337 daAuts
